 Dungeon Crawl Stone Soup version 0.31-a0-102-g33a4ccc0cb (webtiles) character file.

Game seed: 9012326225212076146

608 greasedhog the Shooter (level 7, 0/56 HPs)
             Began as a Formicid Hunter on May 26, 2023.
             Was an Initiate of Okawaru.
             Slain by Prince Ribbit (10 damage)
             ... on level 6 of the Dungeon.
             The game lasted 00:04:44 (3893 turns).

greasedhog the Shooter (Formicid Hunter)            Turns: 3893, Time: 00:04:45

Health: 0/56       AC:  5    Str: 16    XL:     7   Next: 71%
Magic:  7/7        EV: 11    Int:  8    God:    Okawaru [......]
Gold:   284        SH:  0    Dex: 19    Spells: 6/6 levels left

rFire   . . .        a - +0 orcbow
rCold   . . .        (no shield)
rNeg    + . .        j - +0 ring mail
rPois   .            (helmet unavailable)
rElec   .            (no cloak)
rCorr   .            (no gloves)
SInv    +            (no boots)
Will    .....        (no amulet)
Stlth   +            i - ring of positive energy
HPRegen 0.29/turn    (no ring)
MPRegen 0.10/turn

%: no passive effects
@: no status effects
A: permanent stasis, dig shafts and tunnels, antennae 3, four strong arms
a: Dig, Shaft Self, Renounce Religion


You were on level 6 of the Dungeon.
You worshipped Okawaru.
Okawaru was noncommittal.
You visited 2 branches of the dungeon, and saw 7 of its levels.
You also visited: Sewer.

You collected 284 gold pieces.

Inventory:

Hand Weapons
 a - a +0 orcbow (weapon)
Armour
 j - a +0 ring mail (worn)
Jewellery
 c - a ring of positive energy
 i - a ring of positive energy (left hand)
Wands
 m - a wand of iceblast (9)
Scrolls
 b - a scroll of immolation
 d - a scroll of butterflies
 e - a scroll of amnesia {unknown}
 l - 3 scrolls of blinking {unknown}
 n - a scroll of poison {unknown}
 p - 2 scrolls of fog {unknown}
 t - a scroll of enchant armour {unknown}
 v - a scroll of enchant weapon {unknown}
Potions
 f - a potion of attraction
 g - 2 potions of heal wounds {unknown}
 h - 2 potions of mutation {unknown}
 k - a potion of might {unknown}
 o - a potion of berserk rage {unknown}
 q - 2 potions of invisibility {unknown}
 r - a potion of haste {unknown}
 s - a potion of enlightenment {unknown}


   Skills:
 + Level 5.3 Fighting
 * Level 7.5 Ranged Weapons
 - Level 1.7 Dodging
 - Level 1.2 Stealth


You had 6 spell levels left.
You didn't know any spells.
Your spell library contained the following spells:

 Spells                   Type           Power      Damage    Failure   Level
 Ensorcelled Hibernation  Hex/Ice        0%         N/A       77%         2
 Inner Flame              Hex/Fire       0%         N/A       94%         3
 Spider Form              Tmut/Pois      0%         N/A       94%         3
 Anguish                  Hex/Necr       0%         N/A       100%        4
 Flame Wave               Conj/Fire      0%         2d4       100%        4
 Sticky Flame             Conj/Fire      0%         2d3       100%        4


Dungeon Overview and Level Annotations

Branches:
Dungeon (6/15)             Temple (1/1) D:5           Sewer (visited)

Altars:
Ashenzari
Cheibriados
Dithmenos
Elyvilon
Kikubaaqudgha
Makhleb
Nemelex Xobeh
Okawaru
Ru
Sif Muna
Trog
Uskayaw
Vehumet
Wu Jian
Xom
Yredelemnul
Zin
The Shining One

Annotations:
D:3 1 runed translucent door, Crazy Yiuf
D:6 Prince Ribbit


Innate Abilities, Weirdness & Mutations

You cannot be hasted, slowed, berserked, paralysed or teleported.
You can dig through walls and to a lower floor.
You have a pair of large antennae on your head. (SInv)
Your four strong arms can wield two-handed weapons with a shield.


Message History

You see here a +0 quarterstaff.
You open the door.
There is an open door here.
There is an open door here.
There is an open door here.
Done exploring.
Done exploring.
Done exploring.
(D) Dungeon (T) Temple
Where to? (Enter - D:5, ? - help)
What level of the Dungeon? (default 1, ? - help)
There is an open door, spattered with blood here.
You see here a +0 shortbow.
There is a stone staircase leading down here.
You climb downwards.
There is a stone staircase leading up here.
You sense a monster nearby.
You open the door.
Prince Ribbit comes into view.
Prince Ribbit is nearby!
You shoot an arrow. The arrow hits Prince Ribbit!
Prince Ribbit gives a loud, deep croak!
Prince Ribbit is moderately wounded.
You hear a shout!
An orc priest comes into view. It is wielding a +0 short sword.
You shoot an arrow. The arrow misses Prince Ribbit.
Prince Ribbit closely misses you. Prince Ribbit attacks as you move away!
Prince Ribbit hits you! Prince Ribbit barely misses you.
Prince Ribbit closely misses you. Prince Ribbit attacks as you move away!
Prince Ribbit hits you!
The orc priest looks braver for a moment.
Prince Ribbit completely misses you. Prince Ribbit attacks as you move away!
Prince Ribbit hits you! x2
* * * LOW HITPOINT WARNING * * *
Prince Ribbit attacks as you move away! Prince Ribbit closely misses you.
Prince Ribbit barely misses you.
There is a stone staircase leading up here.
Prince Ribbit hits you!
You die...

#.#
#o#
#.#
#.#
#.#
#.#
#.#
#F#
#@#
###


You could see Prince Ribbit and an orc priest.

Vanquished Creatures
  A water moccasin (Sewer)
  An ice beast (D:5)
  A centaur (D:5)
  A scorpion (D:5)
  A hound (D:5)
  A jelly (D:5)
  An orc priest (D:5)
  A sleepcap (D:5)
  4 adders
  An ufetubus (D:5)
  2 dart slugs
  3 worms
  An orc (D:4)
  4 endoplasms
  4 giant cockroaches
  11 goblins
  10 hobgoblins
  11 jackals
  9 kobolds
  6 quokkas
  7 ball pythons
  9 bats
  4 frilled lizards
  8 rats
102 creatures vanquished.

Notes
Turn   | Place    | Note
-------+----------+-------------------------------------------
     0 | D:1      | greasedhog the Formicid Hunter began the quest for the Orb.
     0 | D:1      | Reached XP level 1. HP: 16/16 MP: 1/1
    56 | D:1      | Reached XP level 2. HP: 23/23 MP: 2/2
   180 | D:1      | Found a faded altar of an unknown god.
   223 | D:1      | Reached XP level 3. HP: 28/28 MP: 3/3
   702 | D:2      | Reached XP level 4. HP: 35/35 MP: 4/4
   732 | D:2      | Reached skill level 5 in Ranged Weapons
  1529 | D:3      | Found a runed translucent door.
  1530 | D:3      | Noticed Crazy Yiuf
  1718 | D:3      | Reached XP level 5. HP: 41/41 MP: 5/5
  2677 | D:5      | Entered Level 5 of the Dungeon
  2808 | D:5      | Noticed an ice beast
  2821 | D:5      | Noticed a centaur
  2826 | D:5      | Killed an ice beast
  2827 | D:5      | Reached skill level 6 in Ranged Weapons
  2827 | D:5      | Reached XP level 6. HP: 16/49 MP: 6/6
  3005 | D:5      | Reached XP level 7. HP: 42/55 MP: 7/7
  3089 | D:5      | Found a glowing drain.
  3093 | Sewer    | Entered a sewer
  3126 | Sewer    | Noticed a water moccasin
  3135 | Sewer    | Killed a water moccasin
  3136 | Sewer    | Reached skill level 5 in Fighting
  3136 | Sewer    | Reached skill level 7 in Ranged Weapons
  3642 | D:5      | Found a staircase to the Ecumenical Temple.
  3654 | Temple   | Entered the Ecumenical Temple
  3663 | Temple   | Became a worshipper of Warmaster Okawaru
  3879 | D:6      | Noticed Prince Ribbit
  3893 | D:6      | Slain by Prince Ribbit

Illustrated notes

Levels and vault maps discovered:
D:1:      minmay_arrival_semitransparent, layout_rooms,
          hellmonk_ecumenical_altar_arch_garden, minmay_tetromino_l2
D:2:      minmay_evil_eye, layout_basic, minmay_quadrilaterals
D:3:      layout_basic, kennysheep_generic_room_16, uniq_crazy_yiuf_cottage
D:4:      layout_rooms, hangedman_decor_peaks_small, serial_bayou_lake_a
D:5:      layout_basic, minmay_temple_entry_proselytizer, gup_sewer_entry_bowl
D:6:      layout_basic, nicolae_fountain_basement, uniq_prince_ribbit1
Temple:   nicolae_temple_no_exploring_needed

Skill      XL: |  1  2  3  4  5  6  7 |
---------------+----------------------+-----
Fighting       | 3 4 5 |  5.3
Ranged Weapons | 5 6 7 |  7.5
Dodging        | |  1.7
Stealth        | |  1.2

Action                     |  1- 3 |  4- 6 |  7- 9 || total
---------------------------+-------+-------+-------++-------
   Fire: Shortbow          |   106 |   179 |       ||   285
         Orcbow            |       |     7 |    41 ||    48
  Throw: Throwing net      |       |     1 |       ||     1
Ability: Dig               |       |     1 |       ||     1
    Use: Scroll            |       |     6 |       ||     6
         Potion            |       |     4 |       ||     4
 Armour: Leather armour    |     6 |       |       ||     6
         Ring mail         |    16 |    46 |     8 ||    70
  Dodge: Dodged            |    18 |    79 |    22 ||   119

Table legend: (Time is in decaauts)
 A = Elapsed time spent in this place.
 B = Non-inter-level travel time spent in this place.
 C = Inter-level travel time spent in this place.
 D = Time resting spent in this place.
 E = Time spent auto-exploring this place.
 F = Levels seen in this place.
 G = Mean time per level.
                   A        B        C        D        E       F      G
               +--------+--------+--------+--------+--------+-----+--------+
         Total |   4022 |   3904 |    118 |    216 |   2974 |   8 |  502.8 |
       Dungeon |   3657 |   3556 |    101 |      0 |   2888 |   6 |  609.5 |
        Temple |     18 |      1 |     17 |      0 |      0 |   1 |   18.0 |
         Sewer |    345 |    345 |      0 |    216 |     85 |   1 |  345.0 |
               +--------+--------+--------+--------+--------+-----+--------+

Top non-repeatable levels by time:
     D:3: 1007 daAuts
     D:5: 860 daAuts
     D:2: 761 daAuts
     D:4: 524 daAuts
     D:1: 477 daAuts
   Sewer: 345 daAuts
     D:6: 26 daAuts
  Temple: 18 daAuts
